 Dungeon Crawl Stone Soup version 0.20-b1 (webtiles) character file.

6976 Mesmaeker13 the Cleaver (level 10, -2/148 HPs)
             Began as a Deep Dwarf Berserker on May 19, 2017.
             Was a Priest of Trog.
             Killed from afar by Maurice (14 damage)
             ... with a wand of lightning (?/15)
             ... on level 10 of the Dungeon.
             The game lasted 00:18:41 (7465 turns).

Mesmaeker13 the Cleaver (Deep Dwarf Berserker)      Turns: 7465, Time: 00:18:41

Health: -2/148     AC: 23    Str: 28    XL:     10   Next: 81%
Magic:  13/13      EV:  9    Int:  7    God:    Trog [***...]
Gold:   421        SH:  0    Dex: 14    Spells: 9/9 levels left

rFire    x . .     SeeInvis .   w - +0 battleaxe
rCold    + . .     Gourm    +   (shield currently unavailable)
rNeg     + + .     Faith    .   v - +4 plate armour {rN+}
rPois    .         Spirit   .   K - +1 hat
rElec    .         Reflect  .   (no cloak)
rCorr    .         Harm     .   d - +1 pair of gloves
MR       +....                  u - +0 pair of boots
Stlth    ..........             t - amulet of the gourmand
Regen    0.0/turn               F - ring of positive energy
MPRegen  0.2/turn               A - ring of ice

@: berserking (expiring), non-regenerating, very quick
A: damage resistance, heal wounds, sense surroundings 2, no regeneration
a: Heal Wounds, Berserk, Trog's Hand, Burn Spellbooks, Renounce Religion


You were on level 10 of the Dungeon.
You worshipped Trog.
Trog was most pleased with you.
You were not hungry.

You visited 1 branch of the dungeon, and saw 10 of its levels.

You collected 421 gold pieces.

Inventory:

Hand Weapons
 w - a +0 battleaxe (weapon)
Missiles
 r - 13 tomahawks (quivered)
Armour
 d - a +1 pair of gloves (worn)
 u - a +0 pair of boots (worn)
 v - a +4 plate armour of positive energy (worn)
 K - a +1 hat (worn)
Jewellery
 t - an amulet of the gourmand (around neck)
 A - a ring of ice (right hand)
 B - an uncursed amulet of harm {unknown}
 F - a ring of positive energy (left hand)
 H - an uncursed ring of ice
Wands
 f - a wand of digging (13/24)
 n - a wand of flame (24/48)
Scrolls
 h - a scroll of fog {unknown}
 i - 3 scrolls of amnesia
 m - a scroll of magic mapping
 p - 2 scrolls of teleportation
 y - 2 scrolls of recharging
 D - a scroll of immolation {unknown}
 E - a scroll of remove curse
 I - a scroll of blinking {unknown}
 J - a scroll of enchant armour
Potions
 b - a potion of ambrosia {unknown}
 e - a potion of curing
 g - a potion of lignification {unknown}
 j - a potion of magic {unknown}
 o - 2 potions of heal wounds {unknown}
 s - a potion of flight
 x - a potion of brilliance {unknown}
 z - a potion of agility {unknown}
 C - 2 potions of cancellation {unknown}
 G - 2 potions of mutation {unknown}
Comestibles
 a - 14 fruits
 c - 9 bread rations
 k - 4 meat rations
 l - 7 royal jellies


   Skills:
 + Level 9.0 Fighting
 + Level 10.7 Axes
 + Level 10.6 Armour
 - Level 2.1 Dodging
 + Level 4.6 Evocations


You had 9 spell levels left.
You didn't know any spells.

Dungeon Overview and Level Annotations

Branches:
Dungeon (10/15)            Temple (0/1) D:4
   Lair: D:8-11         Orc: D:9-12

Altars:
Cheibriados
Dithmenos
Elyvilon
Fedhas
Hepliaklqana
Kikubaaqudgha
Makhleb
Okawaru
Qazlal
Ru
Sif Muna
Yredelemnul

Annotations:
D:10 Maurice


Innate Abilities, Weirdness & Mutations

You are resistant to damage.
You can heal yourself by infusing magical energy.
You passively map the area around you.
You do not regenerate.


Message History

You barely miss Maurice.
Maurice is moderately wounded.
Maurice casts a spell.
Maurice puts on a burst of speed!
You closely miss Maurice.
Maurice is moderately wounded.
You closely miss Maurice.
Maurice is moderately wounded.
Maurice misses you.
You slash Maurice!
Maurice is heavily wounded.
Maurice zaps a wand.
The bolt of lightning hits you!
* * * LOW HITPOINT WARNING * * *
You hit Maurice.
Maurice is severely wounded.
Maurice closely misses you.
You barely miss Maurice.
Maurice is severely wounded.
Maurice zaps a wand.
The bolt of lightning hits you!
You die...

, #...#### #.. * *
* #..#.## #.### ,
, #..##.###.#
#..###.#.# * #..#
##†# , .%##..#
#.########* * *
.....####.........
,
##........#####.*
* ,* #@.....#.# *
> * *, #@####.#.#
,* , #..c$..c.#
#.#.# ,
,*.#.#####.# #.#.#
* ,, .# #.#.# * **
* , , ,, ,, .#
#.#.., , , .# #.#
* * , * .# * ..


You could see Maurice and a centaur.

Vanquished Creatures
  Erolcha (D:9)
  2 two-headed ogres (D:9)
  A queen bee (D:9)
  Prince Ribbit (D:9)
  Grum (D:9)
  A black bear (D:7)
  3 sky beasts
  2 ice beasts
  An orc warrior (D:3)
  An ogre (D:5)
  2 phantoms
  6 wolves
  A centaur (D:5)
  A big kobold (D:9)
  7 bullfrogs
  3 scorpions
  19 killer bees
  A howler monkey (D:6)
  A bullfrog zombie (D:5)
  3 crimson imps
  A centaur zombie (D:7)
  3 hounds (D:8)
  6 jellies
  2 orc wizards
  3 bullfrog skeletons
  2 centaur skeletons
  2 orc priests
  An iguana (D:7)
  Natasha (thrice) (D:2)
  3 worker ants
  4 hound zombies
  A hound skeleton (D:7)
  9 adders
  An adder zombie (D:7)
  2 adder skeletons (D:5)
  5 worms
  4 dart slugs
  21 orcs
  2 ball pythons
  7 bats
  5 giant cockroaches
  8 goblins
  7 hobgoblins
  10 jackals
  11 kobolds
  3 quokkas
  2 frilled lizards (D:4)
  A quokka skeleton (D:5)
  2 rats
189 creatures vanquished.

Notes
Turn   | Place    | Note
-------+----------+-------------------------------------------
     0 | D:1      | Mesmaeker13 the Deep Dwarf Berserker began the quest for the Orb.
     0 | D:1      | Reached XP level 1. HP: 20/20 MP: 1/1
   104 | D:1      | Reached XP level 2. HP: 24/27 MP: 2/2
   558 | D:2      | Reached ** piety under Trog
   639 | D:2      | Reached XP level 3. HP: 25/34 MP: 3/3
   895 | D:2      | Noticed Natasha
   915 | D:2      | Killed Natasha
   915 | D:2      | Reached XP level 4. HP: 27/42 MP: 4/4
  1153 | D:2      | Noticed Natasha
  1162 | D:2      | Killed Natasha
  1408 | D:2      | Found an ancient bone altar of Kikubaaqudgha.
  1408 | D:2      | Found a basalt altar of Yredelemnul.
  1414 | D:2      | Found a snail-covered altar of Cheibriados.
  1547 | D:2      | Noticed Natasha
  1553 | D:2      | Killed Natasha
  1553 | D:2      | Reached XP level 5. HP: 21/50 MP: 5/5
  1698 | D:3      | Found a faded altar of an unknown god.
  2151 | D:3      | Noticed an orc warrior
  2164 | D:3      | Killed an orc warrior
  2164 | D:3      | Reached XP level 6. HP: 32/57 MP: 6/6
  2167 | D:3      | Reached skill level 5 in Axes
  2384 | D:4      | Found a staircase to the Ecumenical Temple.
  2665 | D:4      | Found a deep blue altar of Sif Muna.
  2665 | D:4      | Found a burning altar of Makhleb.
  3072 | D:5      | Entered Level 5 of the Dungeon
  3089 | D:5      | Reached skill level 5 in Armour
  3259 | D:5      | Reached XP level 7. HP: 45/66 MP: 7/7
  3499 | D:5      | Found an iron altar of Okawaru.
  3500 | D:5      | Found a white marble altar of Elyvilon.
  3500 | D:5      | Found a shadowy altar of Dithmenos.
  3502 | D:5      | Found a blossoming altar of Fedhas.
  3504 | D:5      | Found a stormy altar of Qazlal.
  3504 | D:5      | Found a sacrificial altar of Ru.
  3505 | D:5      | Found a hazy altar of Hepliaklqana.
  3824 | D:6      | Reached skill level 5 in Fighting
  4586 | D:7      | Reached XP level 8. HP: 50/75 MP: 8/8
  4904 | D:7      | Reached *** piety under Trog
  5294 | D:8      | Gained mutation: You passively map the area around you. [Deep Dwarf growth]
  5294 | D:8      | Reached XP level 9. HP: 59/85 MP: 9/9
  5690 | D:9      | Noticed Prince Ribbit
  5704 | D:9      | Killed Prince Ribbit
  6206 | D:9      | Noticed Grum
  6228 | D:9      | Killed Grum
  6384 | D:9      | Noticed a two-headed ogre
  6394 | D:9      | Killed a two-headed ogre
  6394 | D:9      | Reached XP level 10. HP: 94/96 MP: 10/10
  6570 | D:9      | Reached skill level 10 in Axes
  6823 | D:9      | Noticed a two-headed ogre
  6831 | D:9      | Killed a two-headed ogre
  6831 | D:9      | Reached skill level 10 in Armour
  7110 | D:9      | Noticed Erolcha
  7125 | D:9      | Killed Erolcha
  7405 | D:10     | Entered Level 10 of the Dungeon
  7452 | D:10     | Noticed Maurice
  7465 | D:10     | Killed from afar by Maurice

Skill      XL: |  1  2  3  4  5  6  7  8  9 10 |
---------------+-------------------------------+-----
Fighting       | 3 4 5 6 8 9 |  9.0
Armour         | 3 4 5 6 7 9 10 | 10.6
Axes           | 4 5 6 8 9 10 | 10.7
Evocations     | 4 |  4.6
Dodging        | |  2.1

Action                   |  1- 3 |  4- 6 |  7- 9 | 10-12 || total
-------------------------+-------+-------+-------+-------++-------
Melee: Hand axe          |    91 |   112 |       |       ||   203
       Battleaxe         |       |    95 |   431 |   169 ||   695
Throw: Tomahawk          |       |     1 |     1 |       ||     2
Invok: Berserk           |     4 |     4 |     3 |     3 ||    14
       Trog's Hand       |     1 |     5 |    13 |     6 ||    25
       Burn Spellbooks   |     1 |     1 |     1 |     1 ||     4
Evoke: Wand              |       |     1 |       |     1 ||     2
  Use: Scroll            |       |     6 |     5 |     1 ||    12
       Potion            |       |       |     2 |     2 ||     4
  Eat: Chunk             |     3 |    13 |    25 |     6 ||    47
       Meat ration       |       |       |       |     1 ||     1
Armor: Animal skin       |     9 |       |       |       ||     9
       Scale mail        |    43 |    40 |       |       ||    83
       Plate armour      |       |    75 |   463 |   168 ||   706
Dodge: Dodged            |    58 |   103 |   238 |    90 ||   489
